 Dungeon Crawl Stone Soup version 0.24.0-123-gd5b16e6ec5 (webtiles) character file.

Game seed: 3309776870457178482, levelgen mode: deterministic

6758 Curus the Cruncher (level 10, -4/88 HPs)
             Began as a Minotaur Gladiator on Dec 20, 2019.
             Was an Elder of Okawaru.
             Slain by a hippogriff (5 damage)
             ... on level 1 of the Lair of Beasts.
             The game lasted 00:26:32 (7603 turns).

Curus the Cruncher (Minotaur Gladiator)             Turns: 7603, Time: 00:26:34

Health: -4/88      AC: 10    Str: 18      XL:     10   Next: 75%
Magic:  10/12      EV: 18    Int:  7      God:    Okawaru [****..]
Gold:   506        SH:  0    Dex: 13 (14) Spells: 9/9 levels left

rFire    . . .     SeeInvis .   a - +2 quarterstaff
rCold    + . .     Gourm    .   (shield currently unavailable)
rNeg     . . .     Faith    .   B - +0 ring mail {rPois}
rPois    +         Spirit   .   (helmet unavailable)
rElec    .         Reflect  .   (no cloak)
rCorr    .         Harm     .   G - +2 pair of gloves
MR       .....                  p - +0 pair of boots
Stlth    ++........             i - amulet of the acrobat
HPRegen  0.24/turn              e - ring of protection from cold
MPRegen  0.13/turn              x - ring of flight

@: heroism
A: retaliatory headbutt, claws 1, horns 3, deterioration 1, sense surroundings 1
a: Heroism, Renounce Religion, Evoke Flight


You were on level 1 of the Lair of Beasts.
You worshipped Okawaru.
Okawaru was greatly pleased with you.
You were not hungry.

You visited 2 branches of the dungeon, and saw 9 of its levels.
You also visited: Ossuary and Bailey.

You collected 506 gold pieces.

Inventory:

Hand Weapons
 a - a +2 quarterstaff (weapon)
 F - the +7 trident of the Swamp {speed, rF+ Int-4 Dex+3, unknown}
   (You found it on level 8 of the Dungeon)

   Attacks with this weapon are significantly faster.
   It affects your intelligence (-4).
   It affects your dexterity (+3).
   It protects you from fire.
Missiles
 d - a throwing net (quivered)
Armour
 b - a +0 leather armour
 c - a +1 hat
 h - a +0 pair of gloves
 p - a +0 pair of boots (worn)
 B - a +0 ring mail of poison resistance (worn)
 G - a +2 pair of gloves (worn)
Jewellery
 e - a ring of protection from cold (left hand)
 i - an amulet of the acrobat (around neck)
 l - a +2 ring of protection
 n - an uncursed ring of fire
 x - a ring of flight (right hand)
Wands
 m - a wand of enslavement (12)
 q - a wand of random effects (48)
 u - a wand of digging (6)
 C - a wand of clouds (1)
 E - a wand of iceblast (10)
Scrolls
 g - 2 scrolls of remove curse
 j - 10 scrolls of identify
 o - a scroll of fog
 s - 2 scrolls of noise
 w - a scroll of teleportation
 y - a scroll of amnesia
 z - a scroll of magic mapping
 A - a scroll of blinking
 H - a scroll of fear
Potions
 k - 5 potions of heal wounds
 r - a potion of brilliance
 t - 2 potions of curing
 v - a potion of ambrosia
Comestibles
 f - 15 rations
 D - 4 chunks of flesh


   Skills:
 - Level 7.6(12.6) Fighting
 - Level 14.4(19.4) Staves
 - Level 2.0(7.0) Throwing
 - Level 7.4(12.4) Dodging
 + Level 4.6 Invocations
 + Level 4.2 Evocations


You had 9 spell levels left.
You didn't know any spells.
Your spell library contained the following spells:

 Spells                   Type           Power        Failure   Level  Hunger
 Animate Skeleton         Necr           N/A          61%         1    ##.....
 Apportation              Tloc           #.....       61%         1    ##.....
 Beastly Appendage        Tmut           #.....       61%         1    ##.....
 Confusing Touch          Hex            #.....       61%         1    ##.....
 Summon Small Mammal      Summ           #...         61%         1    ##.....
 Sticks to Snakes         Tmut           #.......     75%         2    ###....
 Confuse                  Hex            #.......     93%         3    ####...
 Gell's Gravitas          Tloc           #.........   93%         3    ####...
 Spider Form              Tmut/Pois      #.........   93%         3    ####...
 Ice Form                 Ice/Tmut       #.......     100%        4    #####..
 Petrify                  Tmut/Erth      #.......     100%        4    #####..
 Blade Hands              Tmut           #.........   100%        5    ######.
 Metabolic Englaciation   Hex/Ice        #.........   100%        5    ######.
 Yara's Violent Unravell  Hex/Tmut       #.........   100%        5    ######.


Dungeon Overview and Level Annotations

Branches:
Dungeon (8/15)             Temple (0/1) D:6            Lair (1/6) D:8
Ossuary (visited)          Bailey (visited)

Altars:
Ashenzari
Cheibriados
Dithmenos
Fedhas
Makhleb
Okawaru
Ru
Sif Muna
Trog
Vehumet
Wu Jian

Shops:
D:6 ?


Innate Abilities, Weirdness & Mutations

You reflexively headbutt those who attack you in melee.
You have a pair of large horns on your head.
You have sharp fingernails.
Your body sometimes deteriorates upon taking damage.
You passively map a small area around you.


Message History

The hippogriff is lightly wounded.
The hippogriff bites you but does no damage.
The hippogriff barely misses you. The hippogriff misses you.
You sock the hippogriff!
The hippogriff is moderately wounded.
The hippogriff bites you but does no damage.
The hippogriff closely misses you.
The hippogriff claws you but does no damage.
You bludgeon the hippogriff!! You headbutt the hippogriff.
The hippogriff is almost dead.
The hippogriff closely misses you. The hippogriff pecks you.
* * * LOW HITPOINT WARNING * * *
The hippogriff barely misses you.
You hit the hippogriff.
The hippogriff is almost dead.
The hippogriff bites you!
* * * LOW HITPOINT WARNING * * *
Your body deteriorates!
You feel clumsy. The hippogriff pecks you.
You die...

....................#
.........#........#.##
.........#...........#
.........#†.........#*
..................#.##
.........#..#.#.+#...#
≈≈≈≈≈≈..............#
≈≈≈≈≈≈≈≈≈.....^†....#
≈≈≈≈≈≈≈≈≈≈≈.....@...#
≈≈≈≈≈≈≈≈≈≈≈≈≈...H....#
....≈≈≈≈≈≈≈≈≈≈......##
.......≈≈≈≈≈≈≈≈..^..#
.........≈≈≈≈≈≈.....#
.... ....≈≈≈≈.....#
............# , ,
...........# , , , , ,


You could see a hippogriff.

Vanquished Creatures
  2 hydras (Lair:1)
  Pikel (D:4)
  An elephant (D:8)
  Psyche (D:8)
  A spiny frog (Lair:1)
  A komodo dragon (Lair:1)
  Prince Ribbit (D:8)
  A hippogriff (D:8)
  A basilisk (D:8)
  Edmund (D:5)
  A water moccasin (Lair:1)
  Duvessa (D:6)
  3 orc warriors
  2 ice beasts
  A phantom (D:7)
  An ogre (D:5)
  A centaur (D:8)
  A crocodile (D:8)
  7 bullfrogs
  5 water moccasin zombies (Ossuary)
  Dowan (D:6)
  A scorpion (D:8)
  3 howler monkeys
  A bullfrog zombie (D:8)
  2 crimson imps
  A jelly (D:5)
  4 orc priests
  A centaur skeleton (D:8)
  4 hounds
  5 orc wizards
  Jessica (D:3)
  Terence (D:2)
  3 worker ants
  Natasha (thrice) (D:3)
  4 iguanas
  A killer bee zombie (D:7)
  3 big kobold zombies (Ossuary)
  A hound skeleton (D:4)
  2 mummies (Ossuary)
  9 adders
  4 gnolls (D:3)
  A howler monkey skeleton (D:5)
  5 adder zombies
  An adder skeleton (D:4)
  3 worms (D:7)
  3 dart slugs
  6 leopard geckos
  30 orcs
  5 bats
  9 giant cockroaches
  4 goblins
  5 hobgoblins
  3 jackals (D:2)
  9 kobolds
  3 quokkas
  2 ball pythons (D:3)
  5 frilled lizards
  2 hobgoblin zombies (Ossuary)
  A jackal zombie (D:6)
  7 kobold zombies (Ossuary)
  6 orc zombies (Ossuary)
  2 quokka skeletons
  A quokka zombie (D:5)
  5 rats
207 creatures vanquished.

Vanquished Creatures (others)
  A rat (D:2)
1 creature vanquished.

Grand Total: 208 creatures vanquished

Notes
Turn   | Place    | Note
-------+----------+-------------------------------------------
     0 | D:1      | Curus the Minotaur Gladiator began the quest for the Orb.
     0 | D:1      | Reached XP level 1. HP: 18/18 MP: 0/0
    17 | D:1      | Reached skill level 4 in Staves
    61 | D:1      | Reached XP level 2. HP: 23/25 MP: 1/1
   555 | D:1      | Reached skill level 5 in Staves
   657 | D:2      | Reached XP level 3. HP: 30/30 MP: 2/2
   669 | D:2      | Found a snail-covered altar of Cheibriados.
   703 | D:2      | Found a shattered altar of Ashenzari.
   925 | D:2      | Reached skill level 6 in Staves
   925 | D:2      | Reached XP level 4. HP: 37/37 MP: 3/3
  1175 | D:2      | Found a radiant altar of Vehumet.
  1213 | D:2      | Noticed Terence
  1219 | D:2      | Killed Terence
  1324 | D:3      | Noticed Jessica
  1334 | D:3      | Killed Jessica
  1334 | D:3      | Reached XP level 5. HP: 42/42 MP: 4/4
  1360 | D:3      | Reached skill level 7 in Staves
  1686 | D:3      | Noticed Natasha
  1690 | D:3      | Killed Natasha
  1728 | D:3      | Found a blossoming altar of Fedhas.
  1810 | D:3      | Noticed Natasha
  1815 | D:3      | Killed Natasha
  1826 | D:3      | Reached skill level 8 in Staves
  2148 | D:3      | Noticed Natasha
  2155 | D:3      | Killed Natasha
  2155 | D:3      | Reached XP level 6. HP: 46/50 MP: 5/5
  2486 | D:4      | Found an ornate altar of the Wu Jian Council.
  2510 | D:4      | Reached skill level 9 in Staves
  2626 | D:4      | Noticed Edmund
  2634 | D:4      | Noticed Pikel
  2637 | D:5      | Entered Level 5 of the Dungeon
  2645 | D:5      | Killed Edmund
  2645 | D:5      | Reached XP level 7. HP: 8/56 MP: 6/6
  2935 | D:5      | Reached skill level 10 in Staves
  3075 | D:4      | Found an iron altar of Okawaru.
  3112 | D:4      | Became a worshipper of Warmaster Okawaru
  3262 | D:4      | Killed Pikel
  3262 | D:4      | Reached skill level 12 in Staves
  3262 | D:4      | Reached XP level 8. HP: 56/62 MP: 7/7
  3663 | D:5      | Found a shimmering blue altar of Sif Muna.
  3699 | D:5      | Found a burning altar of Makhleb.
  3940 | D:6      | Found Vageber's Magic Scroll Boutique.
  3959 | D:6      | Found a sand-covered staircase.
  3963 | Ossuary  | Entered an ossuary
  4038 | Ossuary  | Reached * piety under Okawaru
  4038 | Ossuary  | Reached skill level 13 in Staves
  4338 | D:6      | Reached ** piety under Okawaru
  4338 | D:6      | Reached XP level 9. HP: 36/68 MP: 8/8
  4533 | D:6      | Found a staircase to the Ecumenical Temple.
  4580 | D:6      | Gained mutation: You passively map a small area around you.
                  | [potion of mutation]
  4580 | D:6      | Gained mutation: Your body sometimes deteriorates upon
                  | taking damage. [potion of mutation]
  4580 | D:6      | Gained mutation: You have a pair of large horns on your
                  | head. [potion of mutation]
  4580 | D:6      | Gained mutation: You have sharp fingernails. [potion of
                  | mutation]
  4600 | D:6      | Noticed Dowan
  4602 | D:6      | Noticed Duvessa
  4609 | D:6      | Killed Duvessa
  4609 | D:6      | Reached skill level 14 in Staves
  4617 | D:6      | Killed Dowan
  5633 | D:7      | Found a shadowy altar of Dithmenos.
  5713 | D:7      | Noticed a moth of wrath
  5716 | D:7      | Found a bloodstained altar of Trog.
  5835 | D:7      | Found a flagged portal.
  5853 | Bailey   | Entered a bailey
  6196 | D:7      | Found Nuuhuu's Book Boutique.
  6224 | D:7      | Found a sacrificial altar of Ru.
  6408 | D:8      | Found a staircase to the Lair.
  6408 | D:8      | Noticed an elephant
  6571 | D:8      | Reached skill level 5 in Dodging
  6584 | D:8      | Reached skill level 5 in Fighting
  6871 | D:8      | Killed an elephant
  6871 | D:8      | Reached *** piety under Okawaru
  6976 | D:8      | Noticed Prince Ribbit
  6998 | D:8      | Reached XP level 10. HP: 20/84 MP: 9/9
  7007 | D:8      | Noticed Psyche
  7026 | D:8      | Killed Prince Ribbit
  7026 | D:8      | Reached **** piety under Okawaru
  7030 | D:8      | Killed Psyche
  7229 | D:8      | Got a steaming trident
  7234 | Lair:1   | Entered Level 1 of the Lair of Beasts
  7236 | Lair:1   | Noticed a four-headed hydra
  7247 | Lair:1   | Killed a four-headed hydra
  7549 | Lair:1   | Received a gift from Okawaru
  7580 | Lair:1   | Noticed a spiny frog
  7585 | Lair:1   | Killed a spiny frog
  7588 | Lair:1   | Noticed an eight-headed hydra
  7596 | Lair:1   | Killed an eight-headed hydra
  7603 | Lair:1   | HP: 1/88 [hippogriff (10)]
  7603 | Lair:1   | Slain by a hippogriff

Levels and vault maps discovered:
D:1:      ncdulo_lavacross, layout_basic
D:2:      layout_basic, fiery_altar_vehumet, grunt_temple_overflow_open,
          minmay_door_square, uniq_terence
D:3:      layout_basic, fedhas_altar_2, uniq_jessica, uniq_natasha
D:4:      layout_gridville, kennysheep_little_box,
          nicolae_overflow_crystal_walls, uniq_edmund, uniq_pikel
D:5:      layout_loops_ring, old_standard_altar, old_standard_altar,
          first_ration, minmay_bent
D:6:      layout_loops_corners, minmay_temple_entry_butterflies, serial_shops,
          shop, nicolae_ossuary_entry_plus, lemuel_flame_loot_1, uniq_duvessa
D:7:      layout_loops_cross, tgw_trog, nicolae_dithmenos_the_darkroom,
          overflow_temple_1_default, enter_bailey_6, serial_shops,
          nicolae_shop_statue_plus
D:8:      layout_basic, kennysheep_mini_moat, david_lair_generic,
          grunt_ogre_cave, uniq_harold, uniq_psyche, uniq_prince_ribbit1
Lair:1:   wander_river, layout_regular_city, grunt_megastairs_3,
          minmay_lair_oklob_chamber

Skill      XL: |  1  2  3  4  5  6  7  8  9 10 |
---------------+-------------------------------+-----
Staves         | 4 5 6 8 9 12 13 14 | 14.4
Fighting       | 6 7 |  7.6
Dodging        | 6 7 |  7.4
Invocations    | 4 |  4.6
Evocations     | 4 |  4.2
Throwing       | |  2.0

Action                   |  1- 3 |  4- 6 |  7- 9 | 10-12 || total
-------------------------+-------+-------+-------+-------++-------
Melee: Quarterstaff      |    74 |   104 |   382 |    55 ||   615
       Headbutt          |     8 |    15 |    63 |    15 ||   101
Throw: Throwing net      |       |     2 |     1 |     1 ||     4
Invok: Heroism           |       |       |       |     1 ||     1
Evoke: Wand              |       |     1 |     2 |     2 ||     5
  Use: Scroll            |     5 |     3 |     7 |       ||    15
       Potion            |     2 |     5 |     4 |       ||    11
 Stab: Held in net/web   |       |       |     2 |     1 ||     3
       Confused          |       |       |     1 |       ||     1
  Eat: Chunk             |       |     5 |     7 |     2 ||    14
       Ration            |       |       |     2 |       ||     2
Armor: Leather armour    |    29 |    27 |    53 |       ||   109
       Ring mail         |       |       |    26 |    14 ||    40
Dodge: Dodged            |    60 |    46 |   145 |    43 ||   294
